 Dungeon Crawl Stone Soup version 0.30-a0-170-g85af917532 (webtiles) character file.

Game seed: 4179373396161391743

233 qw the Chopper (level 6, -1/38 HPs)
             Began as a Gargoyle Fighter on Oct 1, 2022.
             Slain by an orc wizard
             ... wielding a +0 dagger
              (2 damage)
             ... on level 3 of the Dungeon.
             The game lasted 00:00:49 (2363 turns).

qw the Chopper (Gargoyle Fighter)                   Turns: 2363, Time: 00:00:49

Health: -1/38      AC: 11    Str: 22    XL:     6   Next: 4%
Magic:  6/6        EV:  9    Int:  8    God:
Gold:   113        SH:  4    Dex:  9    Spells: 5/5 levels left

rFire   . . .      SeeInvis .    Y - +0 war axe
rCold   . . .      Faith    .    c - +0 buckler
rNeg    + . .      Spirit   .    b - +0 scale mail
rPois   inf        Reflect  .    (no helmet)
rElec   +          Harm     .    (no cloak)
rCorr   .          Rampage  .    (no gloves)
Will    .....                    (no boots)
Stlth   ..........               (no amulet)
HPRegen 0.12/turn                (no ring)
MPRegen 0.10/turn                (no ring)

@: no status effects
A: sickness immunity, AC +4, negative energy resistance 1, electricity
resistance, torment resistance 1, petrification resistance
a: no special abilities


You were on level 3 of the Dungeon.
You visited 1 branch of the dungeon, and saw 3 of its levels.

You collected 113 gold pieces.


Innate Abilities, Weirdness & Mutations

You are immune to sickness and miasma.
Your stone body is resilient. (AC +4)
You are immune to poison.
You resist negative energy. (rN+)
You are resistant to electric shocks. (rElec)
You are resistant to unholy torment.
You are immune to petrification.


   Skills:
 - Level 4.0 Fighting
 - Level 5.0 Axes
 - Level 1.0 Throwing
 - Level 3.2 Armour
 + Level 0.1 Dodging
 - Level 3.2 Shields


You had 5 spell levels left.
You didn't know any spells.
Your spell library was empty.

Inventory:

Hand Weapons
 f - a +0 flail
 Y - a +0 war axe (weapon)
Missiles
 l - a javelin (quivered)
Armour
 b - a +0 scale mail (worn)
 c - a +0 buckler (worn)
Scrolls
 a - a scroll of identify
 g - a scroll of noise {unknown}
 j - a scroll of teleportation
Potions
 d - a potion of might
 e - 2 potions of cancellation
 h - a potion of curing {unknown}
 i - a potion of mutation {unknown}
 k - a potion of attraction {unknown}
 m - a potion of heal wounds {unknown}
 n - a potion of invisibility {unknown}

Dungeon Overview and Level Annotations

Branches:
Dungeon (3/15)

Altars:


Message History

You bump into the rock wall.
The orc wizard casts a spell at you.
You are more confused.
The orc priest hits you but does no damage.
The orc hits you but does no damage.
You bump into the rock wall.
The orc wizard hits you but does no damage.
The orc priest invokes the aid of Beogh against you.
You barely resist. The orc hits you with a +0 flail.
You bump into the rock wall.
The orc wizard hits you but does no damage.
The orc priest closely misses you. The orc closely misses you.
You bump into the rock wall.
The orc wizard hits you with a +0 dagger.
The orc priest closely misses you. The orc barely misses you.
The endoplasm jiggles.
You barely miss the orc wizard.
The orc wizard is moderately wounded.
You closely miss the orc priest. You closely miss the orc.
The orc priest closely misses you.
The orc wizard hits you but does no damage.
The orc barely misses you. x2
The orc priest hits you with a +0 short sword.
The orc wizard hits you but does no damage.
You bump into the rock wall.
The orc priest hits you but does no damage.
The orc wizard hits you but does no damage.
The orc hits you but does no damage.
You bump into the rock wall.
The orc wizard hits you with a +0 dagger.
The orc closely misses you. The orc priest barely misses you.
The orc priest attacks as you move away!
The orc priest hits you but does no damage.
The orc wizard attacks as you move away!
The orc wizard barely misses you. The orc attacks as you move away!
The orc hits you but does no damage.
You bump into the rock wall.
You feel less confused.
The orc wizard hits you with a +0 dagger.
You die...

#.. ##...#.# ##..
####..#...# ...
#....###..# #..
#.##..#..## # #..
#.###...## #.#.l
#.#.###.##
#..wo#.# #.##.#
#...oo## ##...#
.....#)#@###.####
### #.##.#.## #.
##.## #) #.# ..
#.# .# #.# . ..#
###


You could see a worm, an orc priest, an orc wizard, an orc and a frilled lizard.

Vanquished Creatures
  A phantom (D:3)
  An orc priest (D:3)
  Terence (D:3)
  3 adders
  3 worms
  2 dart slugs
  5 orcs (D:3)
  4 ball pythons
  3 endoplasms
  3 giant cockroaches
  4 goblins
  7 hobgoblins
  7 jackals (D:3)
  2 quokkas (D:2)
  3 bats
  3 frilled lizards
  2 kobolds (D:1)
  5 rats
59 creatures vanquished.

Notes
Turn   | Place    | Note
-------+----------+-------------------------------------------
     0 | D:1      | qw the Gargoyle Fighter began the quest for the Orb.
     0 | D:1      | Reached XP level 1. HP: 14/14 MP: 1/1
     0 | D:1      | 0 ||| qw: Version: 0.2-a-13-gfc7b4b4
     0 | D:1      | 0 ||| qw: Game counter: 1732
     0 | D:1      | 0 ||| qw: Always use a shield: true
     0 | D:1      | 0 ||| qw: God list: Okawaru
     0 | D:1      | 0 ||| qw: Allow faded altars: false
     0 | D:1      | 0 ||| qw: Do Orc after D:15 true
     0 | D:1      | 0 ||| qw: Do second Lair branch before Depths: true
     0 | D:1      | 0 ||| qw: Lair rune preference: random
     0 | D:1      | 0 ||| qw: Plans: Normal, Zot:1-4, God:TSO, Crypt, Tomb,
                  | Pan, Slime:5, Hells, Abyss, Orb
     0 | D:1      | 0 ||| PLANNING D:1-11
    65 | D:1      | 65 ||| DROPPING +3 vorpal hand axe.
    90 | D:1      | Reached skill level 2 in Axes
   266 | D:1      | Reached XP level 2. HP: 19/19 MP: 2/2
   658 | D:1      | 658 ||| READING 2 scrolls labelled RYASOH XAEXOLE.
   659 | D:1      | 659 ||| READING scroll labelled CEN GUUMYT.
   760 | D:1      | 760 ||| READING scroll labelled FILOTA DIMAY.
   761 | D:1      | 761 ||| READING scroll labelled QEUSUOSSAU.
   762 | D:1      | 762 ||| READING scroll labelled NUAROUMOAG.
  1103 | D:2      | Reached skill level 3 in Axes
  1103 | D:2      | Reached XP level 3. HP: 23/23 MP: 3/3
  1149 | D:2      | 1149 ||| Stepping ~*~*~tactically~*~*~ (stealth).
  1274 | D:2      | 1274 ||| Stepping ~*~*~tactically~*~*~ (hiding).
  1770 | D:2      | 1770 ||| READING scroll labelled XOCUSE CEPT.
  1775 | D:2      | 1775 ||| READING scroll labelled PAPPUG VOOD HIOPH.
  1776 | D:2      | 1776 ||| READING scroll labelled NUGOTE LUBOIDI.
  1777 | D:2      | 1777 ||| READING 2 scrolls of identify.
  1777 | D:2      | 1777 ||| IDENTIFYING fizzy black potion
  1810 | D:3      | 1810 ||| Stepping ~*~*~tactically~*~*~ (hiding).
  1925 | D:3      | Reached skill level 1 in Throwing
  1925 | D:3      | Reached XP level 4. HP: 28/28 MP: 4/4
  1995 | D:3      | 1995 ||| Stepping ~*~*~tactically~*~*~ (hiding).
  2001 | D:3      | Reached skill level 4 in Axes
  2043 | D:3      | Noticed a phantom
  2051 | D:3      | Killed a phantom
  2052 | D:3      | Reached skill level 5 in Axes
  2052 | D:3      | Reached XP level 5. HP: 30/32 MP: 5/5
  2169 | D:3      | Noticed Terence
  2173 | D:3      | 2173 ||| Stepping ~*~*~tactically~*~*~ (stealth).
  2186 | D:3      | Killed Terence
  2211 | D:3      | 2211 ||| Stepping ~*~*~tactically~*~*~ (stealth).
  2212 | D:3      | 2212 ||| Stepping ~*~*~tactically~*~*~ (stealth).
  2213 | D:3      | 2213 ||| Stepping ~*~*~tactically~*~*~ (stealth).
  2349 | D:3      | Reached XP level 6. HP: 28/38 MP: 6/6
  2356 | D:3      | HP: 7/38 [orc/+0 flail (6)]
  2361 | D:3      | HP: 1/38 [orc wizard/+0 dagger (4)]
  2363 | D:3      | Slain by an orc wizard

Levels and vault maps discovered:
D:1:      lemuel_arrival_muddy, layout_basic
D:2:      minmay_skewed_foursquare, layout_basic, kennysheep_generic_room_9
D:3:      layout_loops_ring, dreamdust_ecumenical_altar_drowned_temple,
          minmay_misc_feat_iff, kennysheep_generic_room_7, uniq_grinder,
          uniq_terence

Skill      XL: |  1  2  3  4  5 |
---------------+----------------+-----
Axes           | 2 3 5 |  5.0
Throwing       | 1 |  1.0
Fighting       | 4 |  4.0
Armour         | |  3.2
Dodging        | |  0.1
Shields        | |  3.2

Action                   |  1- 3 |  4- 6 || total
-------------------------+-------+-------++-------
Melee: War axe           |    69 |    81 ||   150
Throw: Javelin           |    16 |     4 ||    20
       Boomerang         |       |     1 ||     1
  Use: Scroll            |     9 |       ||     9
Armor: Scale mail        |    32 |    65 ||    97
Dodge: Dodged            |    27 |    63 ||    90
Block: Buckler           |    11 |    13 ||    24

Table legend:
 A = Non-vault XP
 B = Vault XP
 C = Vault XP percentage of total XP
 D = Non-vault monster count
 E = Vault monster count
 F = Vault count percentage of total count
                 A         B        C        D         E       F
            +---------+---------+-------+---------+---------+-------
      Total |     282 |      51 |  15.3 |      52 |       7 |  11.9
            +---------+---------+-------+---------+---------+-------
        D:1 |      18 |       0 |   0.0 |      11 |       0 |   0.0
        D:2 |      43 |      11 |  20.4 |      17 |       4 |  19.0
        D:3 |     221 |      40 |  15.3 |      24 |       3 |  11.1
            +---------+---------+-------+---------+---------+-------
